 Dungeon Crawl Stone Soup version 0.31-a0-161-gb58dd9be76 (webtiles) character file.

Game seed: 4083932002946008505

63 qw the Shooter (level 4, 0/27 HPs)
             Began as a Gargoyle Hunter on June 12, 2023.
             Slain by a gnoll
             ... wielding a +2 heavy halberd
              (27 damage)
             ... on level 3 of the Dungeon.
             The game lasted 00:00:28 (1506 turns).

qw the Shooter (Gargoyle Hunter)                    Turns: 1506, Time: 00:00:28

Health: 0/27       AC:  8    Str: 14    XL:     4   Next: 10%
Magic:  4/4        EV: 11    Int: 10    God:
Gold:   76         SH:  0    Dex: 15    Spells: 3/3 levels left

rFire   . . .        Y - +2 shortbow
rCold   . . .        (shield currently unavailable)
rNeg    + . .        j - +0 ring mail
rPois   inf          (no helmet)
rElec   +            (no cloak)
rCorr   .            (no gloves)
SInv    .            (no boots)
Will    .....        (no amulet)
Stlth   +            (no ring)
HPRegen 0.24/turn    (no ring)
MPRegen 0.09/turn

%: no passive effects
@: no status effects
A: sickness immunity, AC +3, negative energy resistance 1, electricity
resistance, torment resistance 1, petrification resistance
a: no special abilities


You were on level 3 of the Dungeon.
You visited 1 branch of the dungeon, and saw 3 of its levels.

You collected 76 gold pieces.


Innate Abilities, Weirdness & Mutations

You are immune to sickness and miasma.
Your stone body is resilient. (AC +3)
You are immune to poison.
You resist negative energy. (rN+)
You are resistant to electric shocks. (rElec)
You are resistant to unholy torment.
You are immune to petrification.


   Skills:
 + Level 2.9 Fighting
 - Level 5.0 Ranged Weapons
 - Level 1.4 Armour
 - Level 1.5 Dodging
 - Level 1.1 Stealth


You had 3 spell levels left.
You didn't know any spells.
Your spell library was empty.

Inventory:

Hand Weapons
 Y - a +2 shortbow (weapon)
Armour
 j - a +0 ring mail (worn)
Scrolls
 a - a scroll of identify
 c - 2 scrolls of teleportation
Potions
 d - a potion of resistance {unknown}
 e - a potion of lignification {unknown}
 f - a potion of magic {unknown}
 g - a potion of curing
 h - a potion of mutation {unknown}

Dungeon Overview and Level Annotations

Branches:
Dungeon (3/15)

Altars:

Annotations:
D:2 1 runed translucent door, Crazy Yiuf


Message History

Could not explore, unopened runed door.
1459 ||| READING scroll labelled GIABECZO ECVI.
As you read the scroll labelled GIABECZO ECVI, it crumbles to dust.
You hear a loud clanging noise!
It was a scroll of noise.
Could not explore, unopened runed door.
1460 ||| READING 2 scrolls labelled AMOPTI BEUT KORGH.
As you read the scroll labelled AMOPTI BEUT KORGH, it crumbles to dust.
It is a scroll of enchant weapon.
Your +0 shortbow glows red for a moment.
1461 ||| READING scroll of enchant weapon.
As you read the scroll of enchant weapon, it crumbles to dust.
Your +1 shortbow glows red for a moment.
1461 ||| ENCHANTING +1 shortbow.
Crazy Yiuf twirls on the spot.
Could not explore, unopened runed door.
1462 ||| DRINKING 2 smoky white potions.
It was a potion of curing.
You feel better.
Could not explore, unopened runed door.
(D) Dungeon
Where to? (* - list waypoints, Enter - D:2, ? - help)
What level of the Dungeon? (default 1, ? - help)
There is an escape hatch in the floor here.
There is a stone staircase leading down here.
You climb downwards.
The adder hisses angrily.
The gnoll shouts!
You hear a shout! x2
Found a robe and 10 gold pieces.
There is a stone staircase leading up here.
There are monsters nearby!
Waypoint 2 assigned to D:3.
You shoot an arrow. The gnoll shouts!
The arrow hits the gnoll!
The gnoll is severely wounded.
A gnoll comes into view. It is wielding a +0 spear.
A gnoll comes into view. It is wielding a +0 whip of freezing.
You shoot an arrow. The arrow barely misses the gnoll.
The gnoll shouts!
The gnoll hits you from afar with a +2 heavy halberd!!
Ouch! That really hurt!
You die...

#. ## .. .# .#
#. .# # .. #.
.#.# #.##.
.#.# ... ...
#.##.#.#####
#....@.....#
#..........#
#....g.....#
#......g...#
......S[$...#
####.........#
.....g.g..#
............


You could see 4 gnolls and an adder.

Vanquished Creatures
  3 adders
  A dart slug (D:2)
  A ball python (D:2)
  3 endoplasms
  3 giant cockroaches
  3 goblins
  3 hobgoblins
  4 jackals (D:1)
  3 kobolds
  A quokka (D:1)
  4 bats
  2 frilled lizards (D:1)
31 creatures vanquished.

Notes
Turn   | Place    | Note
-------+----------+-------------------------------------------
     0 | D:1      | qw the Gargoyle Hunter began the quest for the Orb.
     0 | D:1      | Reached XP level 1. HP: 12/12 MP: 1/1
     0 | D:1      | 0 ||| qw: Version: 0.2-a-29-gc1b59c4
     0 | D:1      | 0 ||| qw: Game counter: 4290
     0 | D:1      | 0 ||| qw: Always use a shield: true
     0 | D:1      | 0 ||| qw: God list: Okawaru
     0 | D:1      | 0 ||| qw: Allow faded altars: false
     0 | D:1      | 0 ||| qw: Do Orc after D:15 true
     0 | D:1      | 0 ||| qw: Do second Lair branch before Depths: true
     0 | D:1      | 0 ||| qw: Lair rune preference: random
     0 | D:1      | 0 ||| qw: Plans: Normal, Zot:1-4, Slime:5, God:TSO, Crypt,
                  | Tomb, Abyss, Pan, Hells, Win
     0 | D:1      | 0 ||| PLANNING D:1-11
   138 | D:1      | Reached XP level 2. HP: 17/17 MP: 2/2
   855 | D:1      | 855 ||| UPGRADING to +0 ring mail.
   865 | D:1      | 865 ||| DROPPING +0 leather armour.
   866 | D:1      | 866 ||| READING scroll labelled BIRIMA FAKIEF.
   871 | D:1      | 871 ||| READING 4 scrolls labelled FALU LIPNUB.
   872 | D:1      | 872 ||| READING scroll labelled KITUOX WUTWILU.
   873 | D:1      | 873 ||| DROPPING scroll of butterflies.
   874 | D:1      | 874 ||| DROPPING 3 scrolls of revelation.
   893 | D:2      | 893 ||| STAIRDANCE
   897 | D:1      | Reached skill level 1 in Armour
   897 | D:1      | Reached XP level 3. HP: 21/21 MP: 3/3
  1030 | D:2      | Found a faded altar of an unknown god.
  1122 | D:2      | Reached skill level 5 in Ranged Weapons
  1253 | D:2      | Found a runed translucent door.
  1254 | D:2      | Noticed Crazy Yiuf
  1301 | D:2      | Reached XP level 4. HP: 26/27 MP: 4/4
  1457 | D:2      | 1457 ||| READING 2 scrolls labelled CAUSSE ISOEMA.
  1458 | D:2      | 1458 ||| READING scroll labelled UMUUVO FAGU.
  1459 | D:2      | 1459 ||| READING scroll labelled GIABECZO ECVI.
  1460 | D:2      | 1460 ||| READING 2 scrolls labelled AMOPTI BEUT KORGH.
  1461 | D:2      | 1461 ||| READING scroll of enchant weapon.
  1461 | D:2      | 1461 ||| ENCHANTING +1 shortbow.
  1462 | D:2      | 1462 ||| DRINKING 2 smoky white potions.
  1506 | D:3      | Slain by a gnoll

Levels and vault maps discovered:
D:1:      dpeg_arrival_round_a, layout_basic
D:2:      layout_rooms, shapermc_ecumenical_altar_totnotflames,
          uniq_crazy_yiuf_cottage
D:3:      layout_loops_ring

Skill      XL: |  1  2  3 |
---------------+----------+-----
Armour         | 1 |  1.4
Ranged Weapons | 5 |  5.0
Fighting       | |  2.9
Dodging        | |  1.5
Stealth        | |  1.1

Action                     |  1- 3 |  4- 6 || total
---------------------------+-------+-------++-------
   Fire: Shortbow          |    92 |     2 ||    94
    Use: Scroll            |     3 |     5 ||     8
         Potion            |       |     1 ||     1
 Armour: Ring mail         |    13 |       ||    13
         Leather armour    |     4 |       ||     4
  Dodge: Dodged            |    21 |       ||    21

Table legend:
 A = Non-vault XP
 B = Vault XP
 C = Vault XP percentage of total XP
 D = Non-vault monster count
 E = Vault monster count
 F = Vault count percentage of total count
                 A         B        C        D         E       F
            +---------+---------+-------+---------+---------+-------
      Total |      91 |       0 |   0.0 |      31 |       0 |   0.0
            +---------+---------+-------+---------+---------+-------
        D:1 |      42 |       0 |   0.0 |      17 |       0 |   0.0
        D:2 |      49 |       0 |   0.0 |      14 |       0 |   0.0
            +---------+---------+-------+---------+---------+-------
